 Dungeon Crawl Stone Soup version 0.30-a0-802-gb92711bcdf (webtiles) character file.

Game seed: 9041396667886242827

738 Dittersdorf the Covered (level 7, -1/44 HPs)
             Began as a Gargoyle Fighter on Feb 24, 2023.
             Was a Follower of Okawaru.
             Slain by an orc wizard
             ... wielding a +0 dagger
              (3 damage)
             ... on level 5 of the Dungeon.
             The game lasted 00:08:02 (3399 turns).

Dittersdorf the Covered (Gargoyle Fighter)          Turns: 3399, Time: 00:08:03

Health: -1/44      AC: 20    Str: 21    XL:     7   Next: 75%
Magic:  7/7        EV: 12    Int:  9    God:    Okawaru [*.....]
Gold:   136        SH: 10    Dex:  9    Spells: 6/6 levels left

rFire   . . .      SeeInvis .    a - +0 flail
rCold   . . .      Faith    .    c - +0 buckler
rNeg    + . .      Spirit   .    t - +0 chain mail
rPois   ∞          Reflect  +    A - +0 helmet
rElec   +          Harm     .    (no cloak)
rCorr   .          Rampage  .    o - +2 pair of gloves
Will    .....                    x - +0 pair of boots Stlth
                                 l - amulet of reflection
HPRegen 0.27/turn                v - +5 ring of evasion
MPRegen 0.10/turn                (no ring)

@: no status effects
A: sickness immunity, AC +4, negative energy resistance 1, electricity
resistance, torment resistance 1, petrification resistance
a: Renounce Religion, Heroism


You were on level 5 of the Dungeon.
You worshipped Okawaru.
Okawaru was aware of your devotion.
You visited 2 branches of the dungeon, and saw 6 of its levels.

You collected 136 gold pieces.

Inventory:

Hand Weapons
 a - a +0 flail (weapon)
Armour
 c - a +0 buckler (worn)
 o - a +2 pair of gloves (worn)
 t - a +0 chain mail (worn)
 x - a +0 pair of boots (worn)
 A - a +0 helmet (worn)
Jewellery
 l - an amulet of reflection (around neck)
 v - a +5 ring of evasion (left hand)
 z - a ring of fire
Scrolls
 e - 3 scrolls of vulnerability {unknown}
 j - a scroll of teleportation {unknown}
 m - a scroll of poison {unknown}
 n - 3 scrolls of blinking {unknown}
 s - 3 scrolls of brand weapon {unknown}
 w - a scroll of fear {unknown}
 y - a scroll of fog {unknown}
Potions
 b - 2 potions of haste {unknown}
 d - 2 potions of might
 f - 5 potions of heal wounds {unknown}
 g - 3 potions of mutation {unknown}
 h - 2 potions of curing {unknown}
 p - a potion of cancellation
 r - a potion of brilliance
 u - a potion of ambrosia
 B - a potion of invisibility


   Skills:
 + Level 5.6 Fighting
 + Level 4.5 Maces & Flails
 + Level 5.6 Armour
 + Level 5.5 Shields


You had 6 spell levels left.
You didn't know any spells.
Your spell library contained the following spells:

 Spells                   Type           Power      Damage    Failure   Level
 Lesser Beckoning         Tloc           0%         N/A       100%        2
 Gell's Gravitas          Tloc           0%         N/A       100%        3
 Teleport Other           Tloc           0%         N/A       100%        3


Dungeon Overview and Level Annotations

Branches:
Dungeon (5/15)             Temple (1/1) D:4

Altars:
Cheibriados
Dithmenos
Elyvilon
Makhleb
Okawaru
Sif Muna
Xom
Yredelemnul
Zin


Innate Abilities, Weirdness & Mutations

You are immune to sickness and miasma.
Your stone body is resilient. (AC +4)
You are immune to poison.
You resist negative energy. (rN+)
You are resistant to electric shocks. (rElec)
You are resistant to unholy torment.
You are immune to petrification.


Message History

You are too injured to fight recklessly!
You are too injured to fight recklessly!
You are too injured to fight recklessly!
You are too injured to fight recklessly!
You are too injured to fight recklessly!
You sock the orc!
You kill the orc!
Okawaru accepts your kill. The orc priest closely misses you.
The gnoll hits you but does no damage. The gnoll closely misses you.
The gnoll hits you but does no damage. The orc hits you but does no damage.
Something hits you but does no damage.
You hit the orc priest.
The orc priest is lightly wounded.
The orc priest calls down the wrath of Beogh upon you.
Pain shoots through your body! Something hits you but does no damage.
The gnoll barely misses you.
The orc throws a boomerang of dispersal.
The boomerang of dispersal closely misses you.
The gnoll hits you but does no damage. The gnoll hits you with a +0 club.
* * * LOW HITPOINT WARNING * * *
You sock the orc priest!
The orc priest is severely wounded.
The orc priest closely misses you. The gnoll closely misses you.
The orc hits you from afar with a +0 trident.
* * * LOW HITPOINT WARNING * * *
The gnoll completely misses you. The gnoll barely misses you.
Something hits you but does no damage.
You sock the orc priest!
You kill the orc priest!
Okawaru accepts your kill. The orc misses you. The gnoll completely misses you.
Something hits you.
* * * LOW HITPOINT WARNING * * *
The gnoll hits you but does no damage. x2
Found a scroll of identify.
You feel less confused. You block the orc's attack.
You block the gnoll's attack. The gnoll hits you with a +0 spear.
* * * LOW HITPOINT WARNING * * *
You block the gnoll's attack. Something hits you.
You die...

.........# ......≈.#
##### #...#.≈.#
....###+#####...#.≈.#
....#.....#......$≈§###.
....#.....#.......§.....
....#.....#...)g{o§≈§≈≈≈
....'.....#...).@g......
....##...#..#..g###.....
#############...# ..?
#.....# . #.....#
#.....# #.....# #..####


You could see 3 gnolls and an orc.

Vanquished Creatures
  Sigmund (D:5)
  A black bear (D:4)
  An ogre (Temple)
  A phantom (D:5)
  A necrophage (D:4)
  An orc priest (D:5)
  A gnoll bouda (D:3)
  An iguana (D:4)
  6 adders
  6 gnolls
  3 worms
  3 dart slugs
  2 orcs (D:5)
  6 endoplasms
  6 giant cockroaches
  2 goblins
  4 hobgoblins
  3 quokkas
  6 ball pythons
  6 bats
  2 frilled lizards
  5 kobolds
  5 rats
73 creatures vanquished.

Notes
Turn   | Place    | Note
-------+----------+-------------------------------------------
     0 | D:1      | Dittersdorf the Gargoyle Fighter began the quest for the
                  | Orb.
     0 | D:1      | Reached XP level 1. HP: 14/14 MP: 1/1
    88 | D:1      | Reached XP level 2. HP: 19/19 MP: 2/2
  1000 | D:2      | Reached XP level 3. HP: 10/23 MP: 3/3
  1088 | D:2      | Found a faded altar of an unknown god.
  1768 | D:3      | Reached XP level 4. HP: 27/29 MP: 4/4
  1994 | D:3      | Found a snail-covered altar of Cheibriados.
  2066 | D:3      | Found a burning altar of Makhleb.
  2316 | D:3      | You fall into a shaft and drop 1 floor!
  2433 | D:4      | Found a shadowy altar of Dithmenos.
  2517 | D:4      | Noticed a necrophage
  2535 | D:4      | Killed a necrophage
  2536 | D:4      | Reached XP level 5. HP: 18/34 MP: 5/5
  2765 | D:3      | Reached XP level 6. HP: 24/39 MP: 6/6
  2869 | D:4      | Found a staircase to the Ecumenical Temple.
  2878 | Temple   | Entered the Ecumenical Temple
  2979 | Temple   | Became a worshipper of Warmaster Okawaru
  3268 | D:5      | Entered Level 5 of the Dungeon
  3272 | D:5      | Noticed a black bear
  3295 | D:4      | Killed a black bear
  3296 | D:4      | Reached skill level 5 in Fighting
  3296 | D:4      | Reached skill level 5 in Armour
  3296 | D:4      | Reached skill level 5 in Shields
  3296 | D:4      | Reached XP level 7. HP: 39/44 MP: 7/7
  3329 | D:5      | Noticed Sigmund
  3345 | D:5      | Killed Sigmund
  3390 | D:5      | Reached * piety under Okawaru
  3399 | D:5      | HP: 2/44 [gnoll/+0 spear (4)]
  3399 | D:5      | Slain by an orc wizard

Illustrated notes

Levels and vault maps discovered:
D:1:      nicolae_arrival_memento_mori, layout_loops_corners,
          kennysheep_small_spiral, amcnicky_mini_pool_small,
          minmay_misc_feat_rugged, nrook_campfire, minmay_surrounded
D:2:      layout_loops_ring, dreamdust_ecumenical_altar_grove,
          minmay_nonomino_d4
D:3:      layout_basic, lemuel_round_altar, mainiacjoe_overflow_surrounded_room
D:4:      layout_basic, grunt_dithmenos_smoke_and_mirrors,
          minmay_temple_entry_junction
D:5:      layout_gridville, mainiacjoe_overflow_brackets, uniq_sigmund
Temple:   hellmonk_temple_beads

Skill      XL: |  1  2  3  4  5  6 |
---------------+-------------------+-----
Armour         | 4 5 |  5.6
Fighting       | 4 5 |  5.6
Shields        | 4 5 |  5.5
Maces & Flails | 3 4 |  4.5

Action                     |  1- 3 |  4- 6 |  7- 9 || total
---------------------------+-------+-------+-------++-------
  Melee: Flail             |   132 |   185 |    28 ||   345
    Use: Scroll            |       |     6 |       ||     6
 Armour: Scale mail        |    78 |     9 |       ||    87
         Chain mail        |       |    82 |    42 ||   124
  Dodge: Dodged            |    81 |   101 |    34 ||   216
  Block: Buckler           |    27 |   107 |    25 ||   159
         Reflection        |       |       |     1 ||     1

Table legend: (Time is in decaauts)
 A = Elapsed time spent in this place.
 B = Non-inter-level travel time spent in this place.
 C = Inter-level travel time spent in this place.
 D = Time resting spent in this place.
 E = Time spent auto-exploring this place.
 F = Levels seen in this place.
 G = Mean time per level.
                   A        B        C        D        E       F      G
               +--------+--------+--------+--------+--------+-----+--------+
         Total |   3504 |   3301 |    203 |    232 |   2217 |   6 |  584.0 |
       Dungeon |   3342 |   3197 |    145 |    232 |   2134 |   5 |  668.4 |
        Temple |    161 |    103 |     58 |      0 |     83 |   1 |  161.0 |
               +--------+--------+--------+--------+--------+-----+--------+

Top non-repeatable levels by time:
     D:1: 942 daAuts
     D:2: 846 daAuts
     D:3: 760 daAuts
     D:4: 691 daAuts
  Temple: 161 daAuts
     D:5: 102 daAuts
